 Dungeon Crawl Stone Soup version 0.25.1-2-g60ff931df9 (webtiles) character file.

Game seed: 10885622181133342960

14553 Krehm the Fighter (level 11, -9/93 HPs)
             Began as a Demonspawn Fighter on Aug 29, 2020.
             Was an Initiate of Gozag.
             Mangled by Jorgrun
             ... wielding an uncursed staff of earth
              (22 damage)
             ... on level 9 of the Dungeon.
             The game lasted 00:52:03 (14240 turns).

Krehm the Fighter (Demonspawn Fighter)             Turns: 14240, Time: 00:52:04

Health: -9/93      AC: 18    Str: 19    XL:     11   Next: 90%
Magic:  11/11      EV:  4    Int: 10    God:    Gozag
Gold:   2216       SH: 18    Dex: 13    Spells: 10/10 levels left

rFire    . . .     SeeInvis .   v - +1 short sword (elec)
rCold    . . .     Gourm    .   c - +1 kite shield
rNeg     + . .     Faith    .   F - +0 plate armour
rPois    .         Spirit   .   K - +0 helmet
rElec    .         Reflect  +   T - +0 cloak
rCorr    +         Harm     .   (no gloves)
MR       .....                  U - +1 pair of boots
Stlth    ..........             I - amulet of reflection
HPRegen  0.25/turn              o - ring of positive energy
MPRegen  0.12/turn              R - ring of resist corrosion

@: hasted, very quick
A: claws 2, slimy green scales 2, powered by death 1, spiny 3
a: Potion Petition, Call Merchant, Bribe Branch, Renounce Religion


You were on level 9 of the Dungeon.
You worshipped Gozag.
Gozag was most pleased with you.
You were not hungry.

You visited 2 branches of the dungeon, and saw 13 of its levels.

You collected 2301 gold pieces.
You paid 85 gold pieces to Gozag.

Inventory:

Hand Weapons
 v - a +1 short sword of electrocution (weapon)
 V - a +1 dagger of protection
Missiles
 s - 19 poisoned darts (quivered)
 L - 7 boomerangs
Armour
 c - a +1 kite shield (worn)
 F - a +0 plate armour (worn)
 K - a +0 helmet (worn)
 T - a +0 cloak (worn)
 U - a +1 pair of boots (worn)
Jewellery
 o - a ring of positive energy (left claw)
 I - an amulet of reflection (around neck)
 J - an uncursed ring of positive energy
 Q - an uncursed ring of ice
 R - a ring of resist corrosion (right claw)
 X - an uncursed ring of flight {unknown}
Wands
 w - a wand of random effects (19)
 D - a wand of digging (3)
 E - a wand of disintegration (9)
 G - a wand of iceblast (22)
 H - a wand of acid (4)
 P - a wand of flame (11)
 S - a wand of enslavement (10)
Scrolls
 a - 2 scrolls of enchant weapon
 e - 3 scrolls of remove curse
 g - 2 scrolls of identify
 k - 2 scrolls of amnesia
 m - 4 scrolls of immolation
 p - 3 scrolls of enchant armour
 q - 4 scrolls of teleportation
 u - a scroll of fog {unknown}
 y - 3 scrolls of blinking {unknown}
 z - 2 scrolls of fear {unknown}
 B - 4 scrolls of magic mapping {unknown}
 M - a scroll of acquirement {unknown}
 N - a scroll of holy word {unknown}
Potions
 b - a potion of haste
 d - a potion of might
 h - 2 potions of mutation
 i - a potion of degeneration {unknown}
 j - 4 potions of lignification {unknown}
 l - a potion of ambrosia {unknown}
 n - 3 potions of heal wounds {unknown}
 r - 4 potions of flight {unknown}
 t - 4 potions of curing {unknown}
 A - a potion of magic {unknown}
 C - 4 potions of stabbing {unknown}
 O - 2 potions of brilliance {unknown}
Miscellaneous
 W - a phial of floods
Comestibles
 f - 20 rations


   Skills:
 + Level 11.5 Fighting
 + Level 9.3 Short Blades
   Level 4.6 Maces & Flails
 - Level 2.6 Armour
 + Level 10.7 Shields


You had 10 spell levels left.
You didn't know any spells.
Your spell library contained the following spells:

 Spells                   Type           Power        Failure   Level  Hunger
 Freeze                   Ice            #...         100%        1    ##.....
 Magic Dart               Conj           #...         100%        1    ##.....
 Blink                    Tloc           N/A          100%        2    ###....
 Call Imp                 Summ           #.......     100%        2    ###....
 Slow                     Hex            #.......     100%        2    ###....
 Confusing Touch          Hex            #.......     100%        3    ####...
 Conjure Flame            Conj/Fire      #.......     100%        3    ####...
 Frozen Ramparts          Ice            #.....       100%        3    ####...
 Gell's Gravitas          Tloc           #.........   100%        3    ####...
 Mephitic Cloud           Conj/Pois/Air  #.......     100%        3    ####...
 Ozocubu's Armour         Chrm/Ice       #.......     100%        3    ####...
 Hailstorm                Conj/Ice       #.......     100%        4    #####..
 Petrify                  Tmut/Erth      #.......     100%        4    #####..
 Summon Ice Beast         Ice/Summ       #.......     100%        4    #####..
 Metabolic Englaciation   Hex/Ice        #.........   100%        5    ######.
 Yara's Violent Unravell  Hex/Tmut       #.........   100%        5    ######.


Dungeon Overview and Level Annotations

Branches:
Dungeon (12/15)            Temple (0/1) D:6            Lair (0/6) D:9
    Orc (1/2) D:9

Altars:
Gozag
Sif Muna

Annotations:
D:9 Jorgrun
D:11 3 runed translucent doors, exclusion: 3 doors, Patu's ghost, journeyman OpTm


Innate Abilities, Weirdness & Mutations

You have very sharp fingernails.
You are mostly covered in slimy green scales. (AC +3)
You regenerate a little health from kills.
You are completely covered in sharp spines.


Message History

You throw a throwing net.
The throwing net closely misses Jorgrun.
The throwing net hits the ogre.
The ogre is caught in the net!
Jorgrun is struck by your spines.
Jorgrun hits you with an uncursed staff of earth.
Jorgrun crushes you!
The ogre struggles against the net.
Fire/throw which item? (* to show all) (? for menu, Esc to quit)
Throwing (i - inventory. (/) - cycle)
s - 19 poisoned darts (quivered)
Press: ? - help, Shift-Dir - straight line, f/p - Jorgrun
Aim: Jorgrun, wielding a staff of earth and wearing a +2 robe of magic resistance (lightly wounded)
You throw a throwing net. The throwing net misses Jorgrun.
The throwing net hits the ogre.
The ogre struggles against the net.
Jorgrun is struck by your spines.
Jorgrun hits you with an uncursed staff of earth!
Jorgrun crushes you!!
* * * LOW HITPOINT WARNING * * *
You feel yourself speed up.
The ogre struggles against the net.
Jorgrun hits you but does no damage. Jorgrun crushes you!!
You die...
Your body crumbles into a pile of gold.

..#
##..#####...............##
..# ##....##...............##
..##
##.....................##
...###...###.........[......#
........##
###.........#...### ##.....##
##......##......### ##...##
##....##....###..# ##..#
#..###.....# #### # #..##
#@.#.......## ###..#
##g.....#....# .##..#
#>O....###...# .....#
#.....## ##..## .....#
####....## ##..#
.....#######........## ##.##
.....................## ##.##
.....###..............## #..#
....## ###.............##
##.##


You could see Jorgrun and an ogre (caught).

Vanquished Creatures
  Erolcha (D:12)
  2 two-headed ogres
  3 ugly things
  A cyclops (D:11)
  A deep elf mage (D:12)
  2 centaur zombies
  2 gargoyles
  4 trolls
  A hornet (D:9)
  3 hippogriffs
  A spriggan (D:7)
  Sigmund (D:6)
  3 yaks (D:11)
  A hungry ghost (D:9)
  Grum (D:9)
  Edmund (D:5)
  2 soldier ants
  A water moccasin (D:9)
  Duvessa (D:6)
  6 orc warriors
  5 sky beasts
  A black bear (D:8)
  3 ice beasts
  3 boggarts (D:11)
  2 necrophages
  4 wolves (D:9)
  3 ogres
  4 centaurs
  2 crocodiles
  9 bullfrogs
  Blork the orc (D:4)
  2 big kobolds
  Dowan (D:6)
  5 scorpions
  3 wights (D:11)
  7 crimson imps
  A bullfrog zombie (D:7)
  4 jellies
  6 orc priests
  6 hounds
  19 orc wizards
  Crazy Yiuf (D:3)
  3 bullfrog skeletons
  2 centaur skeletons
  4 worker ants
  A killer bee zombie (D:9)
  A howler monkey zombie (D:7)
  8 gnolls
  Robin (D:3)
  9 adders
  2 shadow imps (D:10)
  A white imp (D:12)
  An ooze (D:2)
  3 worms
  2 dart slugs
  3 leopard geckos
  51 orcs
  2 ball pythons
  3 giant cockroaches
  17 goblins
  6 hobgoblins
  7 jackals
  A quokka (D:8)
  11 bats
  3 frilled lizards
  A jackal skeleton (D:4)
  15 kobolds
  A leopard gecko skeleton (D:4)
  3 quokka skeletons
  8 rats
300 creatures vanquished.

Vanquished Creatures (others)
  An orc wizard (D:6)
1 creature vanquished.

Grand Total: 301 creatures vanquished

Notes
Turn   | Place    | Note
-------+----------+-------------------------------------------
     0 | D:1      | Krehm the Demonspawn Fighter began the quest for the Orb.
     0 | D:1      | Reached XP level 1. HP: 18/18 MP: 1/1
    66 | D:1      | Gained mutation: You are partially covered in sharp spines.
                  | [demonic ancestry]
    66 | D:1      | Reached XP level 2. HP: 13/24 MP: 2/2
   928 | D:2      | Gained mutation: You have sharp fingernails. [demonic
                  | ancestry]
   928 | D:2      | Reached XP level 3. HP: 26/29 MP: 3/3
  1753 | D:3      | Found a runed translucent door.
  1754 | D:3      | Noticed Crazy Yiuf
  1776 | D:3      | Noticed Robin
  1788 | D:3      | Gained mutation: You have very sharp fingernails. [demonic
                  | ancestry]
  1788 | D:3      | Reached XP level 4. HP: 37/37 MP: 4/4
  1806 | D:3      | Killed Robin
  2427 | D:3      | Reached skill level 4 in Fighting
  3104 | D:4      | Noticed Blork the orc
  3135 | D:4      | Killed Blork the orc
  3135 | D:4      | Reached XP level 5. HP: 36/42 MP: 5/5
  3480 | D:4      | Found a shimmering blue altar of Sif Muna.
  3584 | D:5      | Entered Level 5 of the Dungeon
  3780 | D:5      | Noticed Edmund
  3805 | D:5      | Killed Edmund
  3805 | D:5      | Reached skill level 1 in Maces & Flails
  3805 | D:5      | Gained mutation: You are mostly covered in sharp spines.
                  | [demonic ancestry]
  3805 | D:5      | Reached XP level 6. HP: 43/49 MP: 6/6
  3995 | D:5      | Noticed an ice beast
  4011 | D:5      | Killed an ice beast
  4011 | D:5      | Reached skill level 5 in Fighting
  4011 | D:5      | Gained mutation: You are partially covered in slimy green
                  | scales. (AC +2) [demonic ancestry]
  4011 | D:5      | Reached XP level 7. HP: 56/56 MP: 7/7
  4095 | D:5      | Reached skill level 5 in Shields
  4321 | D:5      | Found an opulent altar of Gozag.
  4538 | D:5      | Became a worshipper of Gozag Ym Sagoz the Greedy
  5010 | D:6      | Noticed Duvessa
  5023 | D:6      | Killed Duvessa
  5023 | D:6      | Reached skill level 6 in Fighting
  5024 | D:6      | Noticed Dowan
  5027 | D:6      | Killed Dowan
  5027 | D:6      | Gained mutation: You are mostly covered in slimy green
                  | scales. (AC +3) [demonic ancestry]
  5027 | D:6      | Reached XP level 8. HP: 63/64 MP: 8/8
  5060 | D:6      | Found a staircase to the Ecumenical Temple.
  5204 | D:6      | Noticed Sigmund
  5215 | D:6      | Killed Sigmund
  6199 | D:7      | Reached skill level 7 in Fighting
  6564 | D:7      | Gained mutation: You are completely covered in sharp
                  | spines. [demonic ancestry]
  6564 | D:7      | Reached XP level 9. HP: 70/72 MP: 9/9
  7386 | D:8      | Noticed a two-headed ogre
  7404 | D:8      | Killed a two-headed ogre
  7404 | D:8      | Reached skill level 8 in Fighting
  7404 | D:8      | Reached skill level 5 in Short Blades
  8312 | D:9      | Reached XP level 10. HP: 73/82 MP: 10/10
  8340 | D:9      | Reached skill level 9 in Fighting
  8500 | D:9      | Found a staircase to the Lair.
  8599 | D:9      | Found a staircase to the Orcish Mines.
  8659 | D:9      | Noticed Grum
  8682 | D:9      | Killed Grum
  9837 | D:10     | Entered Level 10 of the Dungeon
 10305 | D:10     | Reached skill level 10 in Fighting
 10445 | D:10     | Noticed a gargoyle
 10487 | D:10     | Killed a gargoyle
 11106 | D:11     | Noticed a two-headed ogre
 11124 | D:10     | Killed a two-headed ogre
 11124 | D:10     | Gained mutation: You regenerate a little health from kills.
                  | [demonic ancestry]
 11124 | D:10     | Reached XP level 11. HP: 68/92 MP: 11/11
 11510 | D:11     | Found a runed translucent gate.
 11511 | D:11     | Found a runed translucent gate.
 11512 | D:11     | Found a runed translucent gate.
 11747 | D:3      | Killed Crazy Yiuf
 12354 | D:11     | Reached skill level 10 in Shields
 12423 | D:11     | Noticed a cyan ugly thing
 12446 | D:11     | Killed a cyan ugly thing
 12766 | D:11     | Noticed Patu's ghost (journeyman OpTm)
 13183 | D:12     | Reached skill level 11 in Fighting
 13189 | D:12     | Noticed a green ugly thing
 13211 | D:12     | Killed a green ugly thing
 13403 | D:12     | Noticed a purple ugly thing
 13411 | D:12     | Killed a purple ugly thing
 13460 | D:12     | Noticed Erolcha
 13473 | D:12     | Killed Erolcha
 13915 | D:12     | Noticed a deep elf mage
 13932 | D:12     | Killed a deep elf mage
 14213 | Orc:1    | Entered Level 1 of the Orcish Mines
 14215 | Orc:1    | Noticed Jorgrun
 14232 | Orc:1    | Noticed a two-headed ogre
 14240 | D:9      | Mangled by Jorgrun

Illustrated notes

Levels and vault maps discovered:
D:1:      dpeg_arrival_rooms_with_view, layout_loops_ring
D:2:      layout_rooms, first_ration
D:3:      layout_loops_corners, corexii_corridor_pit, uniq_crazy_yiuf_cottage,
          uniq_robin
D:4:      layout_cave_pools, serial_park, serial_park_gazebo
          [serial_park_minivault_5x5_4], serial_park_square1
          [serial_park_minivault_5x5_5], serial_park_tiny_2,
          kennysheep_cross_bottleneck, minmay_misc_feat_secret_circle,
          minmay_crystal_room, uniq_blork_the_orc
D:5:      layout_cave_pools, lemuel_doored_altar, serial_column_ruins,
          column_ruins_open_tiny, column_ruins_corridor_straight,
          column_ruins_columns_T, column_ruins_corridor_straight,
          column_ruins_open_small, kennysheep_generic_room_13, uniq_edmund
D:6:      layout_loops_corners, minmay_temple_entry_grid, uniq_duvessa,
          uniq_sigmund
D:7:      layout_basic, the_bakery, minivault_19
D:8:      layout_basic, minmay_chambers_of_fives
D:9:      layout_layer_cave, lair_entry_dummy, orc_0_dummy, uniq_grum
D:10:     layout_loops_ring
D:11:     layout_roguey, gammafunk_ghost_icy
D:12:     layout_loops_cross, minmay_fire_ice_demons, uniq_erolcha
Orc:1:    layout_caves, basic_altar, uniq_urug, uniq_jorgrun, uniq_josephine

Skill      XL: |  1  2  3  4  5  6  7  8  9 10 11 |
---------------+----------------------------------+-----
Short Blades   | 2 3 4 6 7 9 |  9.3
Shields        | 3 4 5 6 8 9 10 | 10.7
Fighting       | 4 5 6 7 8 10 11 | 11.5
Maces & Flails | 1 2 3 4 |  4.6
Armour         | |  2.6

Action                   |  1- 3 |  4- 6 |  7- 9 | 10-12 || total
-------------------------+-------+-------+-------+-------++-------
Melee: Rapier            |   113 |    26 |       |       ||   139
       Short sword       |       |    84 |   283 |   604 ||   971
Throw: Dart              |       |     2 |     7 |    13 ||    22
       Throwing net      |       |       |       |     5 ||     5
Evoke: Wand              |       |       |       |     4 ||     4
  Use: Scroll            |     2 |     1 |     6 |       ||     9
       Potion            |       |     2 |       |     1 ||     3
 Stab: Distracted        |       |       |       |     1 ||     1
       Held in net/web   |       |       |       |     1 ||     1
  Eat: Chunk             |     3 |     7 |     1 |       ||    11
       Ration            |       |       |     4 |     7 ||    11
Armor: Scale mail        |    37 |    29 |    24 |       ||    90
       Plate armour      |       |       |    50 |   127 ||   177
Dodge: Dodged            |    19 |    29 |    27 |    16 ||    91
Block: Kite shield       |    55 |    52 |   139 |   321 ||   567
       Reflection        |       |       |     6 |    10 ||    16
